 Dungeon Crawl Stone Soup version 0.22.1-2-g9c5b331383 (webtiles) character file.

60662 bjornmisha the Warrior (level 14, -7/135 HPs)
             Began as a Minotaur Fighter on Dec 27, 2018.
             Was the Champion of Nemelex Xobeh.
             Blown up by an orb spider (20 damage)
             ... with an orb of destruction
             ... on level 2 of the Spider Nest on Dec 28, 2018.
             The game lasted 01:57:43 (24792 turns).

bjornmisha the Warrior (Minotaur Fighter)          Turns: 24792, Time: 01:57:44

Health: -7/135     AC: 23    Str: 31    XL:     14   Next: 57%
Magic:  16/16      EV: 16    Int:  7    God:    Nemelex Xobeh [******]
Gold:   1078       SH: 19    Dex: 14    Spells: 13/13 levels left

rFire    x . .     SeeInvis +   S - +1 spear (flame)
rCold    + . .     Gourm    .   c - +0 shield
rNeg     + + .     Faith    .   w - +0 chain mail of Midsummer {*Drain rElec rN++ rCorr SInv}
rPois    .         Spirit   .   N - +3 crown of Dyrovepreva {rElec Int+2 SInv}
rElec    +         Reflect  .   t - +0 cloak
rCorr    +         Harm     .   x - +1 pair of gloves of Cergh {Dex+3}
MR       +....                  X - +1 pair of boots of the Villain {rElec}
Stlth    ..........             I - amulet of regeneration
HPRegen  0.72/turn              L - ring of Vanity {Ice Str+4 Slay+3}
MPRegen  0.15/turn              n - +5 ring of evasion

@: lethally poisoned (-7 -> -8), about to teleport
A: retaliatory headbutt, horns 2, repulsion field 1, large bone plates 1, strong
1
a: Triple Draw, Deal Four, Stack Five, Renounce Religion


You were on level 2 of the Spider Nest.
You worshipped Nemelex Xobeh.
Nemelex Xobeh was exalted by your worship.
You were not hungry.

You visited 3 branches of the dungeon, and saw 20 of its levels.

You collected 1496 gold pieces.
You spent 418 gold pieces at shops.

Inventory:

Hand Weapons
 S - a +1 spear of flaming (weapon)
Armour
 c - a +0 shield (worn)
 t - a +0 cloak (worn)
 w - the +0 chain mail of Midsummer (worn) {*Drain rElec rN++ rCorr SInv}
   (You bought it in a shop on level 6 of the Dungeon)

   It insulates you from electricity.
   It greatly protects you from negative energy.
   It lets you see invisible.
   It provides partial protection from all sources of acid and corrosion.
   It causes draining when unequipped.
 x - the +1 pair of gloves of Cergh (worn) {Dex+3}
   (You bought it in a shop on level 6 of the Dungeon)

   It affects your dexterity (+3).
 N - the +3 crown of Dyrovepreva (worn) {rElec Int+2 SInv}
   (You found it on level 4 of the Lair of Beasts)

   It affects your intelligence (+2).
   It insulates you from electricity.
   It lets you see invisible.
 X - the +1 pair of boots of the Villain (worn) {rElec}
   (You found it on level 3 of the Lair of Beasts)

   It insulates you from electricity.
Jewellery
 n - a +5 ring of evasion (right hand)
 p - an uncursed ring of protection from cold
 I - an amulet of regeneration (around neck)
 L - the ring of Vanity (left hand) {Ice Str+4 Slay+3}
   (You found it on level 9 of the Dungeon)

   [ring of ice]

   It enhances your ice magic.
   It affects your strength (+4).
   It affects your accuracy and damage with ranged weapons and melee attacks
   (+3).
   It makes you vulnerable to fire.
   It protects you from cold.
Wands
 y - a wand of enslavement (5)
 E - a wand of polymorph (5)
 K - a wand of paralysis (24)
 O - a wand of flame (19)
 W - a wand of iceblast (6)
Scrolls
 a - a scroll of magic mapping
 h - 9 scrolls of remove curse
 m - 5 scrolls of enchant armour
 o - a scroll of teleportation
 r - a scroll of fear
 v - 2 scrolls of fog
 F - a scroll of torment {unknown}
 G - a scroll of enchant weapon {unknown}
Potions
 d - 3 potions of might
 g - a potion of heal wounds
 i - a potion of berserk rage
 j - 10 potions of curing
 q - 5 potions of flight
 s - 3 potions of magic
 u - 2 potions of agility
 z - 2 potions of brilliance
 B - a potion of resistance
 Q - a potion of haste
 U - 3 potions of cancellation
Miscellaneous
 b - an ornate deck of summoning {drawn: 3}
 e - an ornate deck of summoning {drawn: 8}
 k - a plain deck of summoning {drawn: 1}
 l - a legendary deck of destruction {drawn: 1}
 A - an ornate deck of destruction
 C - an ornate deck of summoning
 D - a plain deck of destruction {drawn: 2}
 J - an ornate deck of summoning
 P - an ornate deck of escape
 T - a legendary deck of destruction {drawn: 1}
 V - a plain deck of escape {drawn: 2}
 Y - an ornate deck of summoning {drawn: 1}
 Z - a fan of gales
Comestibles
 f - 25 rations


   Skills:
 + Level 15.0 Fighting
 + Level 14.8 Polearms
 + Level 15.0 Armour
 + Level 15.0 Shields
 + Level 5.0 Evocations


You had 13 spell levels left.
You didn't know any spells.
Your spell library contained the following spells:

 Spells                   Type           Power        Failure   Level  Hunger
 Apportation              Tloc           #.....       82%         1    ##.....
 Sting                    Conj/Pois      #...         82%         1    ##.....
 Summon Butterflies       Summ           #.......     82%         1    ##.....
 Poisonous Vapours        Pois/Air       #.....       91%         2    ###....
 Conjure Flame            Conj/Fire      #.......     99%         3    ####...
 Lesser Beckoning         Tloc           #.........   99%         3    ####...
 Mephitic Cloud           Conj/Pois/Air  #.......     99%         3    ####...
 Tukima's Dance           Hex            #.......     99%         3    ####...
 Olgreb's Toxic Radiance  Pois           #.......     100%        4    #####..
 Summon Lightning Spire   Summ/Air       #.......     100%        4    #####..
 Alistair's Intoxication  Tmut/Pois      #.......     100%        5    ######.
 Silence                  Hex/Air        #.........   100%        5    ######.
 Venom Bolt               Conj/Pois      #.........   100%        5    ######.
 Conjure Ball Lightning   Conj/Air       #.........   100%        6    #######
 Deflect Missiles         Chrm/Air       #.........   100%        6    #######
 Freezing Cloud           Conj/Ice/Air   #.........   100%        6    #######
 Invisibility             Hex            #.......     100%        6    #######
 Ring of Flames           Chrm/Fire      #.........   100%        7    #######
 Tornado                  Air            #.........   100%        9    #######


Dungeon Overview and Level Annotations

Branches:
Dungeon (14/15)              Lair (4/6) D:8          Shoals (0/4) Lair:2
 Spider (2/4) Lair:4          Orc (0/2) D:9          Vaults (0/5) D:13
 Temple: D:4-7

Altars:
Gozag
Hepliaklqana
Kikubaaqudgha
Makhleb
Nemelex Xobeh
Sif Muna
The Shining One

Shops:
D:6 [   D:12 *::(

Portals:
Trove: D:10 (give +5 ice dragon scales)

Annotations:
Lair:4 Rupert
Spider:2 Azrael


Innate Abilities, Weirdness & Mutations

You reflexively headbutt those who attack you in melee.
You have a pair of horns on your head.
You are surrounded by a mild repulsion field. (EV +2)
You are partially covered in large bone plates. (SH +4)
Your muscles are strong. (Str +2)


Message History

You block the jumping spider's attack. x2
You feel sick.
The jumping spider leaps!
Your hell hound barely misses the orb spider.
You block the hellwing's attack. The hellwing misses you.
You feel sick.
Your hell hound closely misses the jumping spider.
Your hell hound bites the jumping spider!
You feel sick.
The orb spider weaves a glowing orb of energy.
The jumping spider pounces on your hell hound!
The jumping spider bites your hell hound.
Your hell hound bites the jumping spider.
An orb of destruction comes into view.
As you read the scroll of teleportation, it crumbles to dust.
You feel strangely unstable.
You feel sick.
The jumping spider pounces on your hell hound!
The jumping spider barely misses your hell hound.
The orb of destruction hits you!
You die...
Your body glows slightly and disappears.

####### ##..s..###
##....h.%.#
#.....s.@.###### #####
##....s§§4..#.#.###^#.####
#...........#.............
#..........##...........#
##.........#............#
#...^....#.##..........#
##.......#####....##...#
###.##.## ####.##...# ###
#...## ####...#


You could see a hellwing, 2 orb spiders, a jumping spider and a friendly hell
hound.

Vanquished Creatures
  2 ghost moths
  2 entropy weavers (Spider:2)
  Harold (D:7)
  A vault guard (D:13)
  4 hydras
  2 death knights (D:13)
  3 two-headed ogres
  The ghost of Forgol the Cleaver, a novice DsBe of Trog (D:9)
  2 skeletal warriors
  An unseen horror (D:11)
  3 wizards (D:13)
  2 phantasmal warriors
  4 orb spiders
  A necromancer (D:13)
  10 wolf spiders
  2 manticores
  2 centaur zombies (D:13)
  A gargoyle (D:13)
  An ice statue (Lair:2)
  A black mamba (Lair:4)
  A centaur skeleton (D:14)
  4 spiny frogs
  4 komodo dragons
  4 freezing wraiths
  A rime drake (Lair:3)
  6 demonic crawlers
  15 jumping spiders
  2 polar bears (Lair:2)
  3 blink frogs (Lair:1)
  3 slime creatures (D:14)
  Prince Ribbit (D:7)
  A hornet (D:12)
  10 hippogriffs
  23 redbacks
  16 tarantellas
  A fire bat (D:10)
  16 yaks
  A fire elemental (Spider:2)
  4 wraiths
  3 basilisks
  4 hogs (D:7)
  20 humans
  3 vampire mosquitoes (D:12)
  A hungry ghost (D:12)
  Menkaure (D:4)
  A naga (D:13)
  6 water moccasins
  A hell hound (Spider:2)
  4 porcupines
  5 orc warriors
  8 ice beasts
  A hornet zombie (D:9)
  3 sky beasts
  An eye of draining (D:11)
  8 ogres
  2 phantoms
  8 centaurs
  3 crocodiles
  2 big kobolds
  An elf zombie (D:10)
  3 wyvern zombies
  9 bullfrogs
  2 wyvern skeletons
  6 scorpions
  5 killer bees
  5 wights
  5 howler monkeys
  2 electric eels
  4 crimson imps
  6 bullfrog zombies
  4 human zombies (D:10)
  A gnoll shaman (D:9)
  A jelly (D:9)
  2 quasits
  9 orc priests
  4 hounds
  4 iguanas
  13 orc wizards
  4 hell rats (Lair:3)
  13 worker ants
  A hound zombie (D:9)
  A hound skeleton (D:8)
  Robin (D:3)
  5 mummies
  A worker ant zombie (D:5)
  9 gnolls
  10 adders
  3 shadow imps
  3 white imps (Lair:2)
  2 adder skeletons
  7 worms
  3 dart slugs
  5 leopard geckos
  45 orcs
  4 bats
  2 bat zombies (D:8)
  2 giant cockroaches
  9 hobgoblins
  6 quokkas
  2 ball pythons
  12 frilled lizards
  12 goblins
  A jackal skeleton (D:7)
  11 kobolds
  A leopard gecko skeleton (D:7)
  An orc skeleton (D:10)
  A quokka zombie (D:7)
  9 rats
  2 rat zombies (D:8)
  A plant (D:8)
522 creatures vanquished.

Vanquished Creatures (collateral kills)
  2 hydras
  Erica (D:8)
  An orb spider (Spider:1)
  2 redbacks (Spider:2)
  2 steam dragons
  An acid dragon (D:12)
  An orc warrior (D:9)
  An ogre (D:8)
  A centaur (D:7)
  4 wights (D:11)
  An electric eel (D:10)
  A bullfrog zombie (D:13)
  An orc wizard (D:9)
  An orc (D:10)
20 creatures vanquished.

Vanquished Creatures (others)
  A moth of wrath (Spider:2)
  2 gnolls (D:5)
  An adder (D:8)
  4 fungi (Lair:2)
  A plant (D:8)
9 creatures vanquished.

Grand Total: 551 creatures vanquished

Notes
Turn   | Place    | Note
-------+----------+-------------------------------------------
     0 | D:1      | bjornmisha the Minotaur Fighter began the quest for the
                  | Orb.
     0 | D:1      | Reached XP level 1. HP: 19/19 MP: 0/0
   220 | D:1      | Reached XP level 2. HP: 27/27 MP: 1/1
   596 | D:1      | You fall through a shaft!
   616 | D:2      | Reached XP level 3. HP: 33/33 MP: 2/2
  1230 | D:3      | Reached XP level 4. HP: 34/41 MP: 3/3
  1649 | D:3      | Reached XP level 5. HP: 47/47 MP: 4/4
  1694 | D:3      | Found an opulent altar of Gozag.
  1733 | D:3      | Noticed Robin
  1785 | D:3      | Killed Robin
  2266 | D:4      | Reached skill level 5 in Fighting
  2274 | D:3      | Reached skill level 5 in Shields
  2358 | D:4      | Reached skill level 5 in Armour
  2428 | D:4      | Found a glowing golden altar of the Shining One.
  2512 | D:4      | Reached XP level 6. HP: 56/56 MP: 5/5
  2633 | D:4      | Noticed Menkaure
  2754 | D:4      | Killed Menkaure
  2907 | D:4      | Reached skill level 5 in Polearms
  2917 | D:4      | Reached XP level 7. HP: 48/62 MP: 4/6
  3068 | D:4      | Found a sparkling altar of Nemelex Xobeh.
  3078 | D:4      | Became a worshipper of Nemelex Xobeh the Trickster
  3790 | D:5      | Entered Level 5 of the Dungeon
  3792 | D:5      | Received a gift from Nemelex Xobeh
  4499 | D:5      | Reached * piety under Nemelex Xobeh
  4562 | D:5      | Reached XP level 8. HP: 62/71 MP: 4/7
  5022 | D:5      | Found a deep blue altar of Sif Muna.
  5154 | D:6      | Found Zaifut's Antique Armour Shop.
  5154 | D:6      | Received a gift from Nemelex Xobeh
  5280 | D:6      | Reached ** piety under Nemelex Xobeh
  5445 | D:6      | Bought a bloodstained chain mail for 209 gold pieces
  5455 | D:6      | Identified the +0 chain mail of Midsummer {*Drain rElec
                  | rN++ rCorr SInv} (You bought it in a shop on level 6 of the
                  | Dungeon)
  5833 | D:6      | Received a gift from Nemelex Xobeh
  6331 | D:6      | Bought a pair of shimmering gloves for 209 gold pieces
  6341 | D:6      | Identified the +1 pair of gloves of Cergh {Dex+3} (You
                  | bought it in a shop on level 6 of the Dungeon)
  6359 | D:7      | Noticed Harold
  7110 | D:7      | Killed Harold
  7110 | D:7      | Reached XP level 9. HP: 35/82 MP: 2/8
  7653 | D:7      | Noticed Prince Ribbit
  7668 | D:7      | Killed Prince Ribbit
  7961 | D:7      | Received a gift from Nemelex Xobeh
  8276 | D:7      | Found a hazy altar of Hepliaklqana.
  8790 | D:8      | Noticed Erica
  8807 | D:8      | Reached XP level 10. HP: 82/91 MP: 7/9
  8812 | D:8      | Killed Erica
  8897 | D:8      | Found a burning altar of Makhleb.
  9421 | D:8      | Found a staircase to the Lair.
  9472 | D:8      | Reached *** piety under Nemelex Xobeh
  9605 | D:8      | Received a gift from Nemelex Xobeh
  9744 | D:8      | Found an ancient bone altar of Kikubaaqudgha.
 10380 | D:9      | Received a gift from Nemelex Xobeh
 10613 | D:9      | Found a transporter.
 10618 | D:9      | Noticed Forgol's ghost (novice DsBe)
 10620 | D:9      | Found a transporter.
 10620 | D:9      | Noticed a two-headed ogre
 10804 | D:9      | Reached **** piety under Nemelex Xobeh
 10903 | D:9      | Reached skill level 10 in Fighting
 10903 | D:9      | Reached skill level 10 in Shields
 10965 | D:9      | Reached skill level 10 in Armour
 11085 | D:10     | Entered Level 10 of the Dungeon
 11546 | D:10     | Found a portal to a secret trove of treasure.
 11665 | D:10     | Received a gift from Nemelex Xobeh
 11823 | D:10     | Reached skill level 10 in Polearms
 12104 | D:10     | Found an ancient bone altar of Kikubaaqudgha.
 12785 | D:9      | Found a staircase to the Orcish Mines.
 12829 | D:9      | Paralysed by an orc wizard for 2 turns
 12979 | D:9      | Killed a two-headed ogre
 12979 | D:9      | Reached XP level 11. HP: 31/101 MP: 4/10
 13479 | D:9      | Killed Forgol's ghost
 13735 | D:9      | Got a slimy steel ring
 13749 | D:9      | Identified the ring of Vanity {Ice Str+4 Slay+3} (You found
                  | it on level 9 of the Dungeon)
 13902 | D:9      | Gained mutation: You are weak. (Str -2) [potion of
                  | mutation]
 13902 | D:9      | Gained mutation: You are dopey. (Int -2) [potion of
                  | mutation]
 13902 | D:9      | Gained mutation: You are resistant to hostile enchantments.
                  | (MR+) [potion of mutation]
 13902 | D:9      | Lost mutation: You are weak. (Str -2) [potion of mutation]
 13906 | D:9      | Lost mutation: You are dopey. (Int -2) [potion of mutation]
 13906 | D:9      | Lost mutation: You are resistant to hostile enchantments.
                  | (MR+) [potion of mutation]
 13906 | D:9      | Gained mutation: You are partially covered in large bone
                  | plates. (SH +4) [potion of mutation]
 13906 | D:9      | Gained mutation: Your muscles are strong. (Str +2) [potion
                  | of mutation]
 13906 | D:9      | Gained mutation: You are surrounded by a mild repulsion
                  | field. (EV +2) [potion of mutation]
 14137 | D:11     | Noticed an unseen horror
 14156 | D:11     | Killed an unseen horror
 14322 | D:11     | Received a gift from Nemelex Xobeh
 14856 | D:11     | Received a gift from Nemelex Xobeh
 15246 | D:12     | Noticed a six-headed hydra
 15253 | D:12     | Killed a six-headed hydra
 15263 | D:12     | Found Xetoe's Weapon Emporium.
 15291 | D:12     | Reached ***** piety under Nemelex Xobeh
 15299 | D:12     | Found Axkujoy's Book Boutique.
 15313 | D:12     | Found Esathaf's Book Boutique.
 15359 | D:12     | Found Cebass's General Store.
 15866 | D:13     | Noticed a death knight
 15866 | D:13     | Noticed a phantasmal warrior
 15893 | D:14     | Killed a phantasmal warrior
 15897 | D:13     | Noticed a skeletal warrior
 15930 | D:14     | Killed a skeletal warrior
 16120 | D:13     | Killed a death knight
 16152 | D:13     | Received a gift from Nemelex Xobeh
 16214 | D:13     | Noticed a seven-headed hydra
 16224 | D:13     | Killed a seven-headed hydra
 16319 | D:13     | Reached XP level 12. HP: 112/112 MP: 11/11
 16755 | D:13     | Noticed a vault guard
 16770 | D:13     | Killed a vault guard
 16845 | D:13     | Found a gate to the Vaults.
 17392 | D:14     | Noticed a death knight
 17451 | D:13     | Killed a death knight
 17566 | D:14     | Noticed a four-headed hydra
 17906 | D:14     | Noticed a two-headed ogre
 17912 | D:14     | Killed a four-headed hydra
 17912 | D:14     | Noticed a two-headed ogre
 17917 | D:14     | Killed a two-headed ogre
 17917 | D:14     | Reached XP level 13. HP: 100/122 MP: 12/12
 17941 | D:14     | Paralysed by an ogre mage for 3 turns
 17951 | D:14     | HP: 6/122 [two-headed ogre/giant club (9)]
 17951 | D:14     | HP: 1/122 [two-headed ogre/giant club (5)]
 18046 | D:14     | Noticed a frost giant
 18267 | Lair:1   | Entered Level 1 of the Lair of Beasts
 18475 | Lair:1   | Received a gift from Nemelex Xobeh
 19323 | Lair:2   | Found a staircase to the Shoals.
 19637 | Lair:2   | Received a gift from Nemelex Xobeh
 19715 | Lair:2   | Reached skill level 1 in Evocations
 20477 | Lair:3   | Reached ****** piety under Nemelex Xobeh
 20477 | Lair:3   | Received a gift from Nemelex Xobeh
 20667 | Lair:3   | Got a pair of encrusted boots
 20673 | Lair:3   | Identified the +1 pair of boots of the Villain {rElec} (You
                  | found it on level 3 of the Lair of Beasts)
 20904 | Lair:3   | Received a gift from Nemelex Xobeh
 21747 | Lair:4   | Received a gift from Nemelex Xobeh
 21854 | Lair:4   | Found the +3 crown of Dyrovepreva {rElec Int+2 SInv}
 21909 | Lair:4   | Found a hole to the Spider Nest.
 22218 | Lair:4   | Noticed Rupert
 22260 | Lair:4   | HP: 6/124 [poisoned by Rupert]
 22265 | Lair:4   | HP: 4/124 [poisoned by Rupert]
 22270 | Lair:4   | HP: 4/124 [poisoned by Rupert]
 22275 | Lair:4   | HP: 4/124 [poisoned by Rupert]
 22280 | Lair:4   | HP: 6/124 [poisoned by Rupert]
 22602 | Spider:1 | Entered Level 1 of the Spider Nest
 22843 | Spider:1 | Noticed a ghost moth
 22851 | Spider:1 | Killed a ghost moth
 22990 | Spider:1 | Received a gift from Nemelex Xobeh
 23186 | Spider:1 | Reached XP level 14. HP: 133/133 MP: 15/15
 23427 | Spider:1 | Received a gift from Nemelex Xobeh
 23772 | Spider:2 | Noticed an entropy weaver
 23788 | Spider:2 | Killed an entropy weaver
 23926 | Spider:2 | Noticed an entropy weaver
 23967 | Spider:2 | HP: 6/133 [poisoned by a redback]
 23972 | Spider:2 | HP: 5/133 [poisoned by a redback]
 23978 | Spider:2 | HP: 5/133 [poisoned by a redback]
 24397 | Spider:2 | Received a gift from Nemelex Xobeh
 24402 | Spider:2 | Noticed a ghost moth
 24417 | Spider:2 | Killed a ghost moth
 24695 | Spider:2 | Killed an entropy weaver
 24717 | Spider:2 | Reached skill level 15 in Fighting
 24740 | Spider:2 | Reached skill level 15 in Shields
 24748 | Spider:2 | Noticed Azrael
 24753 | Spider:2 | Reached skill level 15 in Armour
 24764 | Spider:2 | Reached skill level 5 in Evocations
 24792 | Spider:2 | Blown up by an orb spider

Skill      XL: |  1  2  3  4  5  6  7  8  9 10 11 12 13 14 |
---------------+-------------------------------------------+-----
Fighting       | 4 5 6 8 9 10 12 13 14 15 | 15.0
Shields        | 4 5 6 8 9 10 12 13 14 15 | 15.0
Armour         | 4 5 6 8 9 10 12 13 14 15 | 15.0
Polearms       | 3 4 5 6 7 9 10 11 13 14 | 14.8
Evocations     | 3 5 |  5.0

Action                   |  1- 3 |  4- 6 |  7- 9 | 10-12 | 13-15 || total
-------------------------+-------+-------+-------+-------+-------++-------
Melee: Trident           |   113 |   149 |   271 |       |       ||   533
       Headbutt          |    13 |    25 |   107 |   388 |   256 ||   789
       Unarmed           |       |       |   197 |   839 |       ||  1036
       Spear             |       |       |       |   447 |   765 ||  1212
Evoke: Deck              |       |       |    11 |    27 |    17 ||    55
       Wand              |       |       |       |       |     3 ||     3
       Sack of spiders   |       |       |       |       |     1 ||     1
  Use: Scroll            |     7 |     1 |     4 |     7 |    13 ||    32
       Potion            |       |       |       |     8 |     4 ||    12
 Stab: Distracted        |       |       |       |     3 |       ||     3
  Eat: Chunk             |     1 |     6 |    12 |    13 |     7 ||    39
       Ration            |       |       |     2 |     5 |     5 ||    12
Armor: Scale mail        |    17 |       |       |       |       ||    17
       Chain mail        |    15 |    83 |   218 |   327 |   162 ||   805
Dodge: Dodged            |    17 |    44 |   104 |   300 |   237 ||   702
Block: Shield            |    33 |    68 |   235 |   723 |   525 ||  1584
